AoeStats
← Il consigliere

Arabia

510820348Analyzed
1v1 RM · 12h ago on Oct 2, 2026· 54m 57s· 2 players
Game mode
Random Map
Map size
Tiny (2 player)
Population
200
Speed
Normal
Resources
Standard
Victory
Conquest
Starting age
Dark Age
Ending age
Imperial Age
RankedLock teamsTeams togetherTeam positionsShared explorationLock speedFull tech treeHidden civsTurbo modeCheats
Victory
Defeat
🇨🇴 Franks · Colombia
1153
+18
🇦🇷 Khmer · Argentina
1197
-18
Il consigliere
2:49 Loom
9:44 Feudal Age
10:43 Double-Bit Axe
18:26 Castle Age
16:19 Horse Collar
17:04 Gold Mining
18:39 Bloodlines
20:47 Husbandry
23:00 Wheelbarrow
23:24 Fletching
25:53 Bodkin Arrow
26:46 Bow Saw
29:19 Ballistics
31:26 Town Watch
34:00 Padded Archer Armor
37:44 Imperial Age
37:28 Stone Mining
38:09 Scale Barding Armor
39:10 Bracer
40:03 Gold Shaft Mining
40:50 Chemistry
41:58 Forging
42:42 Chain Barding Armor
42:58 Heavy Plow
46:06 Plate Barding Armor
45:53 Cavalier
47:30 Iron Casting
51:31 Light Cavalry
53:18 Blast Furnace
54:21 Hussar
Elfelo
7:27 Loom
9:54 Feudal Age
10:40 Double-Bit Axe
20:52 Castle Age
20:08 Forging
20:29 Scale Mail Armor
21:46 Bow Saw
22:59 Pikeman
24:26 Chain Mail Armor
26:28 Iron Casting
27:50 Gambesons
31:21 Fletching
31:31 Padded Archer Armor
32:32 Elite Skirmisher
34:27 Bodkin Arrow
34:47 Leather Archer Armor
35:28 Wheelbarrow
35:51 Leather Archer Armor
40:53 Imperial Age
40:10 Ballistics
40:01 Masonry
41:03 Cavalier
42:00 Gold Mining
43:21 Chemistry
42:59 Town Watch
44:24 Blast Furnace
43:29 Scale Barding Armor
44:25 Conscription
45:40 Halberdier
48:37 Capped Ram
53:45 Gold Shaft Mining
53:24 Husbandry
55:09 Chain Barding Armor
Connection lost

Rejoining the realm…

Still unreachable

The connection could not be restored.

Session expired

The server has moved on; the page needs a fresh start.